 Dungeon Crawl Stone Soup version 0.25.1-4-g9407a263a5 (webtiles) character file.

Game seed: 1591922859265120363

12698 Erymatos the Severer (level 11, -10/102 HPs)
             Began as a Minotaur Berserker on Nov 25, 2020.
             Was an Elder of Trog.
             Mangled by Snorg (21 damage)
             ... on level 11 of the Dungeon.
             The game lasted 00:18:07 (13038 turns).

Erymatos the Severer (Minotaur Berserker)          Turns: 13038, Time: 00:18:07

Health: -10/102    AC: 11    Str: 26    XL:     11   Next: 65%
Magic:  3/3        EV:  8    Int:  4    God:    Trog [****..]
Gold:   427        SH:  7    Dex:  9    Spells: 10/10 levels left

rFire    . . .     SeeInvis +   o - +1 war axe (antimagic)
rCold    . . .     Gourm    .   F - +0 kite shield
rNeg     . . .     Faith    .   m - +0 chain mail
rPois    .         Spirit   .   (helmet restricted)
rElec    .         Reflect  .   (no cloak)
rCorr    .         Harm     .   (no gloves)
MR       .....                  (no boots)
Stlth    ..........             (no amulet)
HPRegen  0.27/turn              y - ring of see invisible
MPRegen  0.08/turn              (no ring)

@: berserk cooldown, slowed, very slow
A: retaliatory headbutt, horns 2
a: Berserk, Trog's Hand, Brothers in Arms, Renounce Religion


You were on level 11 of the Dungeon.
You worshipped Trog.
Trog was greatly pleased with you.
You were hungry.

You visited 1 branch of the dungeon, and saw 11 of its levels.

You collected 663 gold pieces.
You spent 236 gold pieces at shops.

Inventory:

Hand Weapons
 o - a +1 antimagic war axe (weapon)
 H - a +4 vorpal battleaxe
Armour
 m - a +0 chain mail (worn)
 v - a scarf of harm
 D - +0 steam dragon scales
 F - a +0 kite shield (worn)
 I - a +1 robe of cold resistance
Jewellery
 y - a ring of see invisible (left hand)
Wands
 w - a wand of iceblast (6)
 B - a wand of disintegration (19)
 E - a wand of polymorph (14)
 J - a wand of flame (20)
 L - a wand of digging (4)
Scrolls
 a - 3 scrolls of random uselessness
 e - 7 scrolls of remove curse
 g - 2 scrolls of amnesia {unknown}
 h - 11 scrolls of identify
 i - 5 scrolls of teleportation
 j - 2 scrolls of magic mapping {unknown}
 k - a scroll of fear {unknown}
 n - a scroll of fog {unknown}
 p - 2 scrolls of blinking {unknown}
 x - 3 scrolls of immolation {unknown}
 z - a scroll of noise {unknown}
 M - a scroll of vulnerability {unknown}
Potions
 b - a potion of might {unknown}
 d - a potion of invisibility
 f - 2 potions of degeneration {unknown}
 l - a potion of mutation {unknown}
 q - 2 potions of lignification {unknown}
 r - 2 potions of resistance {unknown}
 s - 3 potions of brilliance {unknown}
 t - 2 potions of cancellation {unknown}
 u - 4 potions of curing {unknown}
 A - a potion of ambrosia {unknown}
 C - 2 potions of stabbing {unknown}
 G - a potion of haste
Comestibles
 c - 19 rations
 K - a chunk of flesh


   Skills:
 + Level 11.0 Fighting
 + Level 15.4 Axes
 + Level 10.6 Armour
 + Level 5.6 Dodging


You had 10 spell levels left.
You didn't know any spells.
Your spell library was empty.

Dungeon Overview and Level Annotations

Branches:
Dungeon (11/15)            Temple (0/1) D:7            Lair (0/6) D:9
    Orc (0/2) D:11

Altars:
Kikubaaqudgha
Ru
Trog
Vehumet
Xom

Shops:
D:5 %   D:7 ?   D:8 %   D:11 [

Annotations:
D:11 Snorg


Innate Abilities, Weirdness & Mutations

You reflexively headbutt those who attack you in melee.
You have a pair of horns on your head.


Message History

Unknown command.
You are no longer berserk.
You are exhausted.
You feel yourself slow down. Snorg bites you but does no damage.
Snorg claws you but does no damage. Snorg barely misses you.
You fail to use your ability.
You block Snorg's attack. Snorg barely misses you. You block Snorg's attack.
Snorg bites you. Snorg claws you.
* * * LOW HITPOINT WARNING * * *
Snorg closely misses you.
You fail to use your ability.
You block Snorg's attack.
Snorg closely misses you. x2; Snorg bites you!
* * * LOW HITPOINT WARNING * * *
Snorg claws you!
* * * LOW HITPOINT WARNING * * *
Snorg claws you but does no damage.
You fail to use your ability.
Snorg closely misses you. You block Snorg's attack. Snorg closely misses you.
Snorg bites you!!
You die...

.............#............#
...(.........#............#
.#.)))#......#............#
)..)).#......#.####.......#
......#......#.# #...#...#
......###....#.# #.......#
...#....#....#.# #.......#
.##..#..#....#.####.......#
#.#..#..+....#lT@.........#
.#...#..#....#(#####......#
#....#..#...(......#......#
#....#..#..........#......#
........#..........#....[.#
........#....##....#
.....###...... ......
............8# ##8....
............H. +....


You could see Snorg (berserk) and a wyvern.

Vanquished Creatures
  Fannar (D:11)
  A two-headed ogre (D:10)
  Urug (D:11)
  2 unseen horrors
  An ugly thing (D:11)
  A troll (D:10)
  2 hippogriffs (D:7)
  5 slime creatures (D:11)
  A hornet (D:10)
  9 yaks
  A wraith (D:11)
  2 wyverns
  2 hungry ghosts
  3 steam dragons
  2 soldier ants (D:8)
  Duvessa (D:7)
  7 orc warriors
  2 ice beasts
  3 ogres
  3 sky beasts
  2 necrophages
  2 eyes of draining (D:3)
  3 phantoms
  A centaur (D:10)
  2 big kobolds
  7 bullfrogs
  Dowan (D:7)
  4 scorpions
  7 wights (D:6)
  An oklob sapling (D:7)
  2 howler monkeys (D:7)
  5 crimson imps
  A bullfrog zombie (D:4)
  5 hounds
  8 orc wizards
  A bullfrog skeleton (D:9)
  10 orc priests
  A gnoll shaman (D:8)
  2 iguanas
  5 worker ants
  A statue (D:6)
  A killer bee zombie (D:5)
  2 hound zombies
  A worker ant zombie (D:9)
  11 adders
  8 gnolls
  3 shadow imps
  An ooze (D:4)
  2 worms
  2 dart slugs
  7 leopard geckos
  28 orcs
  A ball python (D:2)
  8 bats
  6 giant cockroaches
  11 goblins
  7 hobgoblins
  10 jackals
  4 quokkas
  7 frilled lizards
  17 kobolds
  A leopard gecko zombie (D:6)
  7 rats
  A plant (D:7)
267 creatures vanquished.

Vanquished Creatures (collateral kills)
  An orc warrior (D:10)
  A worker ant (D:11)
2 creatures vanquished.

Vanquished Creatures (others)
  A steam dragon (D:9)
  A human (D:10)
2 creatures vanquished.

Grand Total: 271 creatures vanquished

Notes
Turn   | Place    | Note
-------+----------+-------------------------------------------
     0 | D:1      | Erymatos the Minotaur Berserker began the quest for the
                  | Orb.
     0 | D:1      | Reached XP level 1. HP: 19/19 MP: 0/0
   212 | D:1      | Reached skill level 4 in Axes
   244 | D:1      | Reached XP level 2. HP: 27/27 MP: 1/1
   835 | D:2      | Reached XP level 3. HP: 34/34 MP: 2/2
   837 | D:2      | Reached ** piety under Trog
  1087 | D:2      | Reached XP level 4. HP: 20/41 MP: 3/3
  1320 | D:2      | Reached skill level 5 in Fighting
  2204 | D:3      | Reached skill level 5 in Axes
  2387 | D:3      | Reached XP level 5. HP: 42/48 MP: 4/4
  2531 | D:3      | Found a bloodstained altar of Trog.
  2531 | D:3      | Noticed an eye of draining
  2532 | D:3      | Noticed an eye of draining
  2544 | D:3      | Killed an eye of draining
  2547 | D:3      | Killed an eye of draining
  2547 | D:3      | Reached XP level 6. HP: 57/57 MP: 1/5
  3170 | D:4      | Reached skill level 6 in Axes
  3331 | D:4      | Reached *** piety under Trog
  3474 | D:4      | Reached XP level 7. HP: 47/63 MP: 2/6
  3743 | D:4      | Reached skill level 7 in Axes
  4122 | D:5      | Entered Level 5 of the Dungeon
  4563 | D:5      | Found Zour's Food Shoppe.
  5028 | D:5      | Reached skill level 8 in Axes
  5170 | D:6      | Reached XP level 8. HP: 61/71 MP: 2/7
  5355 | D:6      | Reached skill level 5 in Armour
  5477 | D:6      | Reached skill level 9 in Axes
  6157 | D:6      | Reached skill level 10 in Axes
  6534 | D:6      | Found a radiant altar of Vehumet.
  6542 | D:6      | Reached XP level 9. HP: 81/81 MP: 2/8
  6787 | D:7      | Noticed Duvessa
  6789 | D:7      | Noticed Dowan
  6794 | D:7      | Killed Duvessa
  6804 | D:7      | Killed Dowan
  6836 | D:7      | Reached **** piety under Trog
  7203 | D:7      | Found Voxzeh's Magic Scroll Emporium.
  7212 | D:7      | Bought a scroll of identify for 28 gold pieces
  7212 | D:7      | Bought a scroll of identify for 28 gold pieces
  7212 | D:7      | Bought a scroll of teleportation for 42 gold pieces
  7212 | D:7      | Bought a scroll of identify for 28 gold pieces
  7212 | D:7      | Bought a scroll of random uselessness for 14 gold pieces
  7212 | D:7      | Bought a scroll of remove curse for 42 gold pieces
  7220 | D:7      | Reached skill level 11 in Axes
  7444 | D:7      | Found a staircase to the Ecumenical Temple.
  8095 | D:8      | Reached skill level 5 in Dodging
  8160 | D:8      | Reached skill level 12 in Axes
  8384 | D:8      | Found a sacrificial altar of Ru.
  8506 | D:8      | Found Gurugg's Food Shoppe.
  8830 | D:9      | Reached XP level 10. HP: 57/90 MP: 3/9
  9149 | D:9      | Found a staircase to the Lair.
  9266 | D:9      | Reached ***** piety under Trog
  9861 | D:10     | Entered Level 10 of the Dungeon
  9907 | D:10     | Paralysed by a hornet for 3 turns
 10137 | D:10     | Found an ancient bone altar of Kikubaaqudgha.
 10191 | D:10     | Received a gift from Trog
 10191 | D:10     | Reached skill level 13 in Axes
 10203 | D:10     | HP: 4/91 [orc warrior/+0 glaive (23)]
 10206 | D:10     | Noticed an unseen horror
 10219 | D:10     | Killed an unseen horror
 10981 | D:10     | Reached skill level 10 in Fighting
 11015 | D:10     | Found a shimmering altar of Xom.
 11176 | D:10     | Noticed a two-headed ogre
 11183 | D:10     | Killed a two-headed ogre
 11183 | D:10     | Reached XP level 11. HP: 91/99 MP: 10/10
 11436 | D:11     | Reached skill level 14 in Axes
 11460 | D:11     | Reached skill level 10 in Armour
 11463 | D:11     | Noticed Fannar
 11476 | D:11     | Killed Fannar
 11785 | D:11     | Noticed a cyan ugly thing
 11790 | D:11     | Killed a cyan ugly thing
 11994 | D:11     | Noticed Urug
 12009 | D:11     | Killed Urug
 12129 | D:11     | Noticed an unseen horror
 12136 | D:11     | Killed an unseen horror
 12349 | D:11     | Found a staircase to the Orcish Mines.
 12349 | D:11     | Found Aweosagh's Armour Boutique.
 12354 | D:11     | Reached skill level 15 in Axes
 12616 | D:11     | Bought a +0 kite shield for 54 gold pieces
 13021 | D:11     | Noticed Snorg
 13023 | D:11     | Noticed a centaur warrior
 13038 | D:11     | Mangled by Snorg

Illustrated notes

Levels and vault maps discovered:
D:1:      lightli_arrival_statuegarden, layout_loops_ring
D:2:      layout_basic
D:3:      layout_loops_ring, first_ration, trog_eyes_of_draining
D:4:      layout_gridville
D:5:      layout_basic, serial_shops, nicolae_shop_crystal
D:6:      layout_basic, vehumet_statue
D:7:      layout_basic, minmay_temple_entry_oklob, serial_shops, shop,
          lemuel_old_faithful, uniq_duvessa
D:8:      layout_gridville, serial_shops, shop, hangedman_pestilent_swarm,
          nicolae_ru_sacrificial_ziggurat
D:9:      cheibrodos_steamvent, layout_basic, lair_entry_dummy
D:10:     layout_loops_cross, basic_altar, tgw_kikubaaqudgha
D:11:     layout_stronghold, orc_david_3, minmay_misc_feat_secret_circle,
          jmf_multi_god_temple2, uniq_snorg, uniq_urug, uniq_fannar

Skill      XL: |  1  2  3  4  5  6  7  8  9 10 11 |
---------------+----------------------------------+-----
Axes           | 4 5 6 8 10 12 13 15 | 15.4
Fighting       | 4 5 6 7 8 10 11 | 11.0
Dodging        | 3 4 5 |  5.6
Armour         | 3 4 6 8 9 10 | 10.6

Action                   |  1- 3 |  4- 6 |  7- 9 | 10-12 || total
-------------------------+-------+-------+-------+-------++-------
Melee: Hand axe          |    82 |    65 |       |       ||   147
       Headbutt          |    11 |    13 |    55 |    54 ||   133
       War axe           |       |    58 |   292 |   160 ||   510
       Battleaxe         |       |       |       |    93 ||    93
Invok: Berserk           |     1 |     1 |     8 |    12 ||    22
       Trog's Hand       |       |     1 |       |     2 ||     3
       Brothers in Arms  |       |       |       |     3 ||     3
  Use: Scroll            |       |       |     1 |       ||     1
       Potion            |       |       |       |     1 ||     1
  Eat: Chunk             |     1 |    10 |    15 |    20 ||    46
       Ration            |       |       |     2 |     3 ||     5
Armor: Animal skin       |    14 |    14 |       |       ||    28
       Chain mail        |       |    23 |    83 |    93 ||   199
Dodge: Dodged            |    55 |    78 |   106 |   129 ||   368
Block: Kite shield       |       |       |       |    21 ||    21
